 Dungeon Sprint DCSS version 0.30.1-1-g62c8e00024 (webtiles) character file.

Game seed: 3404240159997659772

7504 boopmooplesden the Stickfighter (level 10, 0/89 HPs)
             Began as a Demonspawn Gladiator on July 15, 2023.
             Was the Champion of Trog.
             Slain by a freezing wraith (13 damage)
             ... in the Dungeon (Sprint VII: "The Pits").
             The game lasted 00:03:36 (1840 turns).

boopmooplesden the Stickfighter (DsGl)              Turns: 1840, Time: 00:03:38

Health: 0/89       AC:  2    Str: 20    XL:     10   Next: 95%
Magic:  10/10      EV: 10    Int:  9    God:    Trog [******]
Gold:   0          SH:  0    Dex: 17    Spells: 9/9 levels left

rFire   . . .        u - +4 quarterstaff (speed)
rCold   . . .        (shield currently unavailable)
rNeg    . . .        g - +2 plate armour
rPois   .            t - +0 helmet
rElec   .            (no cloak)
rCorr   .            (no gloves)
SInv    .            (no boots)
Will    .....        (no amulet) Stlth
                     r - +3 ring of protection
HPRegen 0.34/turn    s - +3 ring of dexterity
MPRegen 0.12/turn

%: no teleportation
@: corroded, slowed, very slow
A: hooves 2, powered by death 2, demonic magic 1
a: Renounce Religion, Berserk, Trog's Hand, Brothers in Arms


You were in the Dungeon.
You worshipped Trog.
Trog was exalted by your worship.
You visited 1 branch

Inventory:

Hand Weapons
 a - a +0 quarterstaff
 l - a +2 quarterstaff
 p - a +1 quarterstaff of speed
 u - a +4 quarterstaff of speed (weapon)
 v - a +5 antimagic lajatang
Missiles
 d - 7 throwing nets (quivered)
 e - a javelin
Armour
 b - a +0 leather armour
 c - a +0 helmet
 g - a +2 plate armour (worn)
 t - a +0 helmet (worn)
Jewellery
 r - a +3 ring of protection (left hand)
 s - a +3 ring of dexterity (right hand)
Scrolls
 k - a scroll of blinking
 n - 5 scrolls of amnesia
 o - a scroll of butterflies
Potions
 f - 7 potions of curing
 h - 4 potions of haste
 i - 4 potions of magic
 j - 3 potions of berserk rage
 m - 2 potions of invisibility
 q - 9 potions of heal wounds


   Skills:
 + Level 12.2 Fighting
 + Level 16.1 Staves
 + Level 3.5 Throwing
 + Level 12.5 Armour
 + Level 8.1 Dodging
 + Level 3.1 Stealth


You had 9 spell levels left.
You didn't know any spells.
Your spell library was empty.

Dungeon Overview and Level Annotations

Branches:
Dungeon (1/1)

Altars:
Cheibriados
Dithmenos
Fedhas
Gozag
Hepliaklqana
Makhleb
Nemelex Xobeh
Okawaru
Qazlal
Ru
Sif Muna
Trog
Vehumet
Wu Jian
Xom
Yredelemnul
Jiyva
Lugonu


Innate Abilities, Weirdness & Mutations

You have hoof-like feet.
You regenerate health from kills.
Spells you cast may paralyse adjacent enemies.


Message History

The rust devil is almost dead.
The rust devil hits you. The rust devil corrodes you!
You hit the rust devil. Your kick misses the rust devil.
The rust devil is almost dead.
You hit the rust devil but do no damage.
The rust devil is almost dead.
The rust devil hits you! The rust devil corrodes you!
You hit the rust devil but do no damage.
Your kick misses the rust devil.
The rust devil is almost dead.
The rust devil hits you. The rust devil corrodes you!
You completely miss the rust devil.
You kick the rust devil, but do no damage.
The rust devil is almost dead.
You hit the rust devil but do no damage.
You kick the rust devil, but do no damage.
The rust devil is almost dead.
The rust devil hits you. The rust devil corrodes you!
You hit the rust devil.
You kill the rust devil!
Trog accepts your kill.
A freezing wraith comes into view.
You hit the freezing wraith but do no damage.
You kick the freezing wraith.
The freezing wraith is lightly damaged.
The freezing wraith hits you! The freezing wraith freezes you!!
The freezing wraith hits you!
You barely miss the freezing wraith.
The freezing wraith is lightly damaged.
The freezing wraith barely misses you. The freezing wraith hits you.
The freezing wraith drains your vigour!
You feel as though you will be slow longer.
You closely miss the freezing wraith. Your kick misses the freezing wraith.
You hit the freezing wraith but do no damage.
The freezing wraith hits you!
* * * LOW HITPOINT WARNING * * *
The freezing wraith freezes you!
* * * LOW HITPOINT WARNING * * *
The freezing wraith hits you!
You die...

..##†.###..#)#.........#
..##..##.)##)##.....#...
..##..##.##...##...##
..##..####..†..##.##
..##.))##......#...#
####...÷÷......+...+
####...##......#...#
[[##..####.....##.##
[.##..# ##...##@..#
.)##..# ##.##W....#
))##..# #+#.........#
))##..# ....###...##
####### ##### ####


You could see a freezing wraith.

Vanquished Creatures
  Josephine (D)
  Harold (D)
  2 sea snakes (D)
  A deep elf pyromancer (D)
  A rust devil (D)
  2 elephants (D)
  A smoke demon (D)
  An unseen horror (D)
  A jumping spider (D)
  6 wraiths (D)
  3 yaks (D)
  A fire bat (D)
  A water moccasin (D)
  A black bear (D)
  A centaur (D)
  2 bullfrogs (D)
  2 scorpions (D)
  A crimson imp (D)
  A jelly (D)
  An iguana (D)
  An orc wizard (D)
  2 river rats (D)
  2 orcs (D)
  2 ball pythons (D)
  A bat skeleton (D)
  An endoplasm (D)
  2 giant cockroaches (D)
  A kobold (D)
  2 quokkas (D)
  2 ball python zombies (D)
47 creatures vanquished.

Vanquished Creatures (collateral kills)
  A lindwurm (D)
  A snapping turtle (D)
  3 yaks (D)
  An acid dragon (D)
6 creatures vanquished.

Grand Total: 53 creatures vanquished

Notes
Turn   | Place    | Note
-------+----------+-------------------------------------------
     0 | D        | boopmooplesden the Demonspawn Gladiator began the quest for
                  | the Orb.
     0 | D        | Reached XP level 1. HP: 16/16 MP: 1/1
    11 | D        | Reached skill level 3 in Staves
    38 | D        | Found a bloodstained altar of Trog.
    38 | D        | Found a shimmering blue altar of Sif Muna.
    38 | D        | Found a viscous altar of Jiyva.
    38 | D        | Found a hazy altar of Hepliaklqana.
    38 | D        | Found an opulent altar of Gozag.
    39 | D        | Found a basalt altar of Yredelemnul.
    39 | D        | Found a shimmering altar of Xom.
    39 | D        | Found an ornate altar of the Wu Jian Council.
    39 | D        | Found a sacrificial altar of Ru.
    39 | D        | Found a stormy altar of Qazlal.
    39 | D        | Found an iron altar of Okawaru.
    39 | D        | Found a sparkling altar of Nemelex Xobeh.
    39 | D        | Found a burning altar of Makhleb.
    39 | D        | Found a blossoming altar of Fedhas.
    39 | D        | Found a shadowy altar of Dithmenos.
    39 | D        | Found a snail-covered altar of Cheibriados.
    41 | D        | Found a corrupted altar of Lugonu.
    41 | D        | Found a radiant altar of Vehumet.
    42 | D        | Became a worshipper of Trog the Wrathful
    49 | D        | Noticed a scorpion
    55 | D        | Gained mutation: Spells you cast may paralyse adjacent
                  | enemies. [demonic ancestry]
    55 | D        | Reached XP level 2. HP: 4/22 MP: 2/2
    62 | D        | Killed a scorpion
    63 | D        | Reached skill level 5 in Staves
    63 | D        | Reached skill level 5 in Dodging
    63 | D        | Reached XP level 3. HP: 12/29 MP: 3/3
    63 | D        | Reached XP level 4. HP: 14/35 MP: 4/4
   253 | D        | Reached * piety under Trog
   254 | D        | Reached skill level 1 in Armour
   271 | D        | Reached ** piety under Trog
   341 | D        | Noticed a bullfrog
   350 | D        | Killed a bullfrog
   351 | D        | Reached skill level 6 in Staves
   351 | D        | Reached skill level 1 in Stealth
   351 | D        | Reached XP level 5. HP: 42/42 MP: 5/5
   352 | D        | Reached *** piety under Trog
   359 | D        | Reached **** piety under Trog
   362 | D        | Reached skill level 7 in Staves
   362 | D        | Noticed a black bear
   369 | D        | Killed a black bear
   414 | D        | Noticed a fire bat
   424 | D        | Killed a fire bat
   425 | D        | Reached skill level 5 in Fighting
   425 | D        | Reached skill level 8 in Staves
   425 | D        | Gained mutation: You have large cloven feet. [demonic
                  | ancestry]
   425 | D        | Reached XP level 6. HP: 27/51 MP: 6/6
   611 | D        | Noticed a smoke demon
   622 | D        | Killed a smoke demon
   623 | D        | Reached skill level 10 in Staves
   623 | D        | Reached XP level 7. HP: 43/58 MP: 7/7
   720 | D        | Reached ***** piety under Trog
   986 | D        | Noticed a sea snake
   986 | D        | Noticed an elephant
   999 | D        | Killed a sea snake
  1000 | D        | Reached skill level 11 in Staves
  1000 | D        | Gained mutation: You have hoof-like feet. [demonic
                  | ancestry]
  1000 | D        | Reached XP level 8. HP: 46/67 MP: 8/8
  1008 | D        | Killed an elephant
  1009 | D        | Reached skill level 12 in Staves
  1012 | D        | HP: 3/68 [poisoned by a sea snake]
  1316 | D        | Killed an unseen horror
  1317 | D        | Gained mutation: You regenerate a little health from kills.
                  | [demonic ancestry]
  1317 | D        | Reached XP level 9. HP: 72/74 MP: 9/9
  1320 | D        | Noticed a deep elf pyromancer
  1321 | D        | Noticed a lindwurm
  1334 | D        | Received a gift from Trog
  1335 | D        | Reached skill level 13 in Staves
  1347 | D        | Reached skill level 10 in Armour
  1353 | D        | Killed a lindwurm
  1354 | D        | Reached skill level 14 in Staves
  1356 | D        | Killed a deep elf pyromancer
  1356 | D        | Received a gift from Trog
  1364 | D        | Gained mutation: You regenerate health from kills. [demonic
                  | ancestry]
  1364 | D        | Reached XP level 10. HP: 63/85 MP: 10/10
  1584 | D        | Noticed an elephant
  1594 | D        | Reached skill level 10 in Fighting
  1596 | D        | Reached ****** piety under Trog
  1609 | D        | Killed an elephant
  1720 | D        | Noticed a sea snake
  1732 | D        | Killed a sea snake
  1733 | D        | Reached skill level 15 in Staves
  1748 | D        | Received a gift from Trog
  1750 | D        | Noticed Josephine
  1757 | D        | Killed Josephine
  1776 | D        | Noticed Harold
  1776 | D        | Noticed a rust devil
  1792 | D        | Killed Harold
  1797 | D        | Received a gift from Trog
  1821 | D        | Reached skill level 16 in Staves
  1830 | D        | Killed a rust devil
  1840 | D        | Slain by a freezing wraith

Illustrated notes

Levels and vault maps discovered:
D:        pitsprint [storerooms_1, entrance_room_1, metal_vault_3, armoury_1,
          mini_pit_1, grid_room_1, main_hall_1, silver_pit, the_coven_3,
          the_vestibule_1, steel_vault_5, golden_pit, hallway_of_sentries,
          crystal_vault_2, iron_vault_4, final_vault]

Skill      XL: |  1  2  3  4  5  6  7  8  9 10 |
---------------+-------------------------------+-----
Staves         | 3 5 6 8 10 11 12 14 16 | 16.1
Dodging        | 3 5 6 7 8 |  8.1
Throwing       | 2 3 |  3.5
Fighting       | 3 5 6 7 8 9 12 | 12.2
Armour         | 2 4 6 7 8 10 12 | 12.5
Stealth        | 1 2 3 |  3.1

Action                     |  1- 3 |  4- 6 |  7- 9 | 10-12 || total
---------------------------+-------+-------+-------+-------++-------
  Melee: Quarterstaff      |    11 |    42 |    64 |   102 ||   219
         Kick              |       |     4 |    22 |    44 ||    70
  Throw: Throwing net      |     1 |       |       |       ||     1
 Invoke: Berserk           |       |     2 |     1 |     1 ||     4
         Brothers in Arms  |       |       |     1 |       ||     1
    Use: Potion            |     1 |       |     1 |       ||     2
   Stab: Sleeping          |     1 |       |       |       ||     1
 Armour: Leather armour    |     1 |    11 |       |       ||    12
         Plate armour      |       |    29 |    21 |    35 ||    85
  Dodge: Dodged            |     6 |    42 |     9 |    13 ||    70
